Map: Triton LE

Players

goblin

  • Race: Protoss Protoss
  • Spawn Location: 11:00

Serral - Winner!

  • Race: Zerg Zerg
  • League: Master
  • Spawn Location: 5:00

Event: NationWars 2019

VOD

Have the link to the VOD?

Description

Time

  • Played on: Nov. 14, 2019, 2:49 p.m.
  • Length: 10:03

All games in this series

Show
View Real Time Build Order
Export as new Build Order

goblin Protoss 

Build Orders: 1 Gate Expand 

Get SALT Encoding   

  12  0:00  Probe  
  13  0:12  Probe  
  14  0:20  Pylon  
  14  0:24  Probe  
  15  0:38  Probe (Chrono Boost)  
  16  0:44  Gateway  
  16  0:47  Probe (Chrono Boost)  
  17  0:51  Assimilator  
  17  0:52  Probe (Chrono Boost)  
  18  1:05  Forge  
  18  1:06  Probe  
  20  1:18  Probe  
  20  1:30  Probe  
  21  1:36  Cybernetics Core  
  21  1:42  Nexus  
  21  1:44  Probe  
  22  1:52  Pylon  
  22  1:56  Probe  
  22  1:58  Assimilator  
  23  2:10  Stalker (Chrono Boost), Probe  
  26  2:22  Probe  
  27  2:24  Pylon  
  27  2:35  Robotics Facility  
  27  2:37  Adept  
  27  2:38  Probe  
  29  2:49  Warp Gate  
  29  2:55  Gateway  
  29  2:56  Probe  
  30  3:03  Pylon  
  30  3:05  Probe (Chrono Boost)  
  30  3:08  Probe (Chrono Boost)  
  34  3:17  Probe (Chrono Boost)  
  34  3:19  Probe (Chrono Boost)  
  36  3:22  Probe (Chrono Boost)  
  36  3:24  Warp Prism (Chrono Boost)  
  37  3:27  Probe  
  37  3:32  Probe  
  39  3:40  Probe  
  40  3:44  Probe  
  40  3:45  Twilight Council  
  41  3:52  Probe  
  41  3:53  Immortal (Chrono Boost)  
  42  3:59  Probe  
  47  4:04  Probe  
  48  4:11  Pylon  
  48  4:22  Resonating Glaives (Chrono Boost)  
  48  4:25  Immortal (Chrono Boost)  
  52  4:38  Gateway  
  52  4:39  Gateway x2  
  52  4:47  Gateway  
  52  4:48  Gateway  
  52  4:55  Adept  
  58  5:00  Immortal (Chrono Boost)  
  58  5:02  Adept  
  60  5:08  Pylon  
  60  5:09  Pylon  
  60  5:19  Pylon, Gateway  
  60  5:26  Adept x2  
  64  5:38  Pylon  
  64  5:44  Observer (Chrono Boost)  
  64  5:48  Adept x5  
  64  5:49  Adept x2  
  79  6:12  Adept x3  
  79  6:14  Adept x3  
  79  6:15  Adept x2  
  73  6:34  Adept x3  
  73  6:35  Adept x4  
  73  6:38  Adept  
  89  6:55  Observer  
  89  7:04  Adept x3  
  89  7:05  Adept x3  
  101  7:08  Pylon  
  101  7:26  Observer  
  97  7:37  Adept x5  
  97  7:38  Adept  
  97  7:42  Pylon x2  
  109  7:54  Pylon  
  109  8:01  Adept x2  
  109  8:02  Adept x6  
  109  8:29  Adept x2  
  109  8:30  Adept x4  
  107  8:38  Warp Prism (Chrono Boost)  
  103  8:47  Assimilator x2  
  103  8:48  Pylon  
  103  9:05  Zealot  
  103  9:06  Immortal (Chrono Boost)  
  73  9:42  Sentry x4  
Show
View Real Time Build Order
Export as new Build Order

Serral Zerg - Winner!

Build Orders: Pool First 

Get SALT Encoding   

  12  0:01  Drone  
  13  0:13  Overlord  
  13  0:18  Drone  
  14  0:31  Drone  
  14  0:32  Drone  
  16  0:44  Drone  
  16  0:46  Extractor  
  16  0:47  Drone  
  17  0:50  Spawning Pool  
  17  0:57  Drone  
  17  1:08  Drone  
  18  1:21  Hatchery  
  17  1:26  Drone  
  18  1:37  Queen  
  18  1:39  Zergling x2  
  21  1:47  Metabolic Boost  
  21  1:50  Zergling x2  
  22  1:56  Overlord  
  22  2:14  Queen  
  24  2:15  Drone  
  24  2:16  Drone  
  26  2:24  Drone  
  27  2:34  Pneumatized Carapace  
  27  2:35  Drone x2  
  29  2:48  Hatchery  
  28  2:51  Overlord  
  28  2:53  Drone  
  28  2:56  Drone  
  30  2:58  Drone  
  30  3:02  Drone  
  30  3:04  Drone  
  32  3:06  Drone  
  32  3:11  Drone  
  34  3:16  Queen  
  36  3:25  Overlord  
  36  3:26  Drone x2  
  38  3:28  Drone x2  
  38  3:32  Drone  
  38  3:33  Drone  
  42  3:40  Roach Warren, Drone  
  42  3:43  Overlord  
  42  3:55  Queen  
  44  3:58  Extractor  
  44  4:00  Zergling x4  
  44  4:01  Drone x2  
  44  4:02  Queen  
  49  4:08  Drone  
  49  4:09  Drone  
  51  4:10  Drone x3  
  51  4:11  Drone  
  55  4:20  Drone x2  
  57  4:24  Extractor  
  57  4:25  Overlord  
  57  4:26  Lair  
  57  4:27  Zergling x2  
  57  4:30  Drone x3  
  60  4:41  Zergling x4  
  60  4:42  Overlord  
  62  4:47  Drone x2  
  62  4:48  Overlord  
  62  4:51  Overlord  
  64  4:55  Drone  
  64  4:56  Zergling x4  
  67  5:01  Overlord  
  67  5:02  Overlord x2  
  67  5:04  Roach x2  
  71  5:08  Roach x2  
  71  5:12  Roach x2  
  79  5:18  Roach x2  
  79  5:19  Roach  
  85  5:29  Roach x3  
  85  5:30  Roach  
  93  5:37  Overlord  
  93  5:40  Roach x4  
  93  5:41  Roach  
  103  5:43  Overlord  
  103  5:52  Ravager x2, Overlord  
  103  5:53  Roach x4  
  113  5:59  Roach x3  
  113  6:01  Roach  
  115  6:13  Roach x3  
  121  6:23  Roach x4  
  113  6:33  Zergling x18  
  113  6:34  Queen x2  
  113  6:35  Ravager  
  127  6:41  Queen  
  127  6:44  Overlord x3  
  129  6:49  Ravager  
  130  7:00  Roach x3  
  136  7:05  Ravager  
  136  7:08  Roach x2  
  140  7:12  Extractor  
  140  7:13  Zergling x2  
  140  7:15  Queen x2  
  140  7:16  Queen  
  140  7:21  Zergling x12, Roach x2  
  148  7:30  Glial Reconstitution  
  148  7:36  Roach x3  
  154  7:37  Zergling x2  
  154  7:41  Overlord  
  155  7:47  Ravager  
  155  7:51  Queen x2  
  156  7:52  Ravager  
  156  7:55  Roach x2  
  156  7:56  Roach  
  167  8:02  Zergling x4, Roach x2  
  170  8:17  Roach  
  170  8:18  Roach x3  
  165  8:32  Roach x6  
  176  8:39  Overlord  
  176  8:40  Overlord x2  
  167  8:49  Roach  
  167  8:50  Roach x4  
  177  8:57  Overlord x2  
  177  9:04  Overlord  
  177  9:05  Roach x2  
  181  9:15  Roach x5  
  181  9:16  Roach x2  
  182  9:19  Roach x4  
  187  9:38  Roach x5  
  185  9:47  Overseer  
  185  9:48  Overseer x2  
Tags
 
Add a new tag
Caveats
  • Supply blocks, unpowered buildings, or Contaminate may cause inaccurate times.
  • Supply counts are checked every 10 seconds.